Match 41693841
Unlisted

Match 41693841
End
Construct Section Command Post
Selects Canadian Shock Battlegroup
Infantry Section
Infantry Section
Infantry Section
Grenade Package
Selects Attacking Spirit
Selects Canadian Shock Section
Vickers Machine Gun Team
Construct Field Infirmary
Canadian Shock Section
سَۨفُـيٰانۨوٰس
mohamedkerdaoui
[HK] Krom !
Lusignan
0
0

Comments sign in to comment!

No comments posted yet!